 Dungeon Crawl Stone Soup version 0.18-a0-1312-gf98331d (webtiles) character file.

19415 Oddball22 the Slicer (level 12, -6/66 HPs)
             Began as a Vine Stalker Artificer on Feb 14, 2016.
             Mangled by a very large slime creature (43 damage)
             ... on level 11 of the Dungeon.
             The game lasted 00:49:22 (11413 turns).

Oddball22 the Slicer (Vine Stalker Artificer)      Turns: 11413, Time: 00:49:22

Health: -6/66      AC: 10    Str: 16    XL:     12   Next: 68%
Magic:  0/21       EV: 19    Int: 12    God:
Gold:   569        SH:  0    Dex: 18    Spells: 0 memorised, 21 levels left

rFire  . . .     SeeInvis .     b - +2 dagger (drain)
rCold  . . .     Gourm    .     Q - +3 leather armour
rNeg   + . .     Faith    .     (no shield)
rPois  .         Spirit   +     o - +1 helmet
rElec  .         Dismiss  .     m - +0 cloak
rCorr  .         Reflect  .     t - +0 pair of gloves
SustAt .         Harm     .     (no boots)
MR     ++...                    L - amulet of magic regeneration
Stlth  ++........               s - ring of positive energy
                                n - ring of protection from magic

@: very resistant to hostile enchantments, unstealthy
A: fangs 3, regeneration 3, magic shield, antimagic bite, no device heal 3, rot
immunity
a: no special abilities


You were on level 11 of the Dungeon.
You were not hungry.

You visited 2 branches of the dungeon, and saw 13 of its levels.

You collected 569 gold pieces.

Inventory:

Hand Weapons
 a - a +0 hand crossbow
 b - a +2 dagger of draining (weapon)
 D - a +2 short sword of freezing
Missiles
 x - 2 javelins (quivered)
 I - 77 bolts
Armour
 m - a +0 cloak (worn)
 o - a +1 helmet (worn)
 t - a +0 pair of gloves (worn)
 H - a +1 robe of fire resistance
 K - a +0 robe of positive energy
 Q - a +3 leather armour (worn)
Jewellery
 n - a ring of protection from magic (left hand)
 s - a ring of positive energy (right hand)
 L - an amulet of magic regeneration (around neck)
 O - an uncursed amulet of rage
 S - an uncursed ring of resist corrosion
 Z - an uncursed ring of stealth
Wands
 c - a wand of flame (7/48)
 d - a wand of enslavement (14/24)
 e - a wand of random effects (25/48)
 y - a wand of digging (15/24)
 E - a wand of slowing (32/48)
 P - a wand of paralysis (14/24)
 V - a wand of disintegration (12/24)
 W - a wand of polymorph (1/24)
Scrolls
 g - 4 scrolls of magic mapping
 i - 4 scrolls of identify
 l - 4 scrolls of blinking
 q - 2 scrolls of fear
 C - 6 scrolls of teleportation
 G - 5 scrolls of remove curse
 R - 2 scrolls of recharging
Potions
 h - 9 potions of curing
 k - a potion of cure mutation
 p - a potion of flight
 u - 2 potions of cancellation {unknown}
 w - a potion of resistance {unknown}
 A - a potion of might {unknown}
 B - a potion of mutation {unknown}
 F - 3 potions of heal wounds
 J - a potion of brilliance {unknown}
 M - a potion of agility {unknown}
 T - a potion of berserk rage {unknown}
Books
 r - a book of Party Tricks

   Spells                             Type                      Level
   a - Summon Butterflies             Summoning                    1
   b - Apportation                    Translocation                1
   c - Tukima's Dance                 Hexes                        3
   d - Alistair's Intoxication        Transmutation/Poison         5
   e - Invisibility                   Hexes                        6
 X - a book of Alchemy

   Spells                             Type                      Level
   a - Sublimation of Blood           Necromancy                   2
   b - Ignite Poison                  Fire/Transmutation/Poison    3
   c - Petrify                        Transmutation/Earth          4
   d - Alistair's Intoxication        Transmutation/Poison         5
   e - Irradiate                      Conjuration/Transmutation    5
 Y - a book of Burglary

   Spells                             Type                      Level
   a - Swiftness                      Charms/Air                   2
   b - Passwall                       Transmutation/Earth          2
   c - Passage of Golubria            Translocation                4
   d - Lee's Rapid Deconstruction     Earth                        5
   e - Darkness                       Hexes                        6
   f - Invisibility                   Hexes                        6
Comestibles
 f - 10 bread rations
 j - 2 meat rations
 v - a chunk of flesh
 z - 2 royal jellies
 N - 9 beef jerkies
 U - 2 fruits


   Skills:
 - Level 9.3 Fighting
 - Level 11.5 Short Blades
 * Level 1.4 Crossbows
 + Level 9.9 Dodging
 - Level 1.2 Stealth
 - Level 5.4 Spellcasting
 - Level 2.6 Evocations


You had 21 spell levels left.
You didn't know any spells.

Dungeon Overview and Level Annotations

Branches:
Dungeon (12/15)            Temple (1/1) D:4            Lair (0/8) D:8
    Orc (0/2) D:11

Altars:
Ashenzari
Cheibriados
Dithmenos
Elyvilon
Fedhas
Gozag
Kikubaaqudgha
Makhleb
Nemelex Xobeh
Okawaru
Qazlal
Sif Muna
Trog
Vehumet
Xom
Yredelemnul
Zin
The Shining One

Shops:
D:5 =   D:7 ?   D:9 =   D:10 ?


Innate Abilities, Weirdness & Mutations

You have razor-sharp teeth.
You regenerate.
When hurt, damage is shared between your health and your magic reserves.
Your bite disrupts and absorbs the magic of your enemies.
Potions and wands cannot restore your health.
You are immune to rotting.


Message History

Evoking this partially-identified wand wasted a few charges.
Evoke which item? (* to show all) (? for menu, Esc to quit)
Zapping:
e - a wand of random effects (27/48)
Press: ? - help, Shift-Dir - straight line, f/p - very large slime creature
Aim: a very large slime creature The puff of flame hits the very large slime creature.
The very large slime creature is lightly wounded.
This wand has 26 charges left.
The very large slime creature hits you!
Some of the chunks of flesh in your inventory have rotted away.
Evoke which item? (* to show all) (? for menu, Esc to quit)
Zapping:
e - a wand of random effects (26/48)
Press: ? - help, Shift-Dir - straight line, f/p - very large slime creature
Aim: a very large slime creature (lightly wounded)
The very large slime creature flickers and vanishes!
Deactivating autopickup; reactivate with Ctrl-A.
This wand has 25 charges left.
Something hits you!!
The bloodstain on the floor disappears!
Something hits you!!!
Ouch! That really hurt!
You die...

#### ...### .....### ###
.......#####.# ########
............## ####......##
.........########..........##
##.......# ###..@...........#
####....###...{...........##
#...###................# ##
##...##.................# ##.
#...####................# #..
#...# #................# ##..
##...#
##...............###..รท
#....##
#................##...
#.....##
##....................


There were no monsters in sight!

Vanquished Creatures
  2 unseen horrors
  2 hill giants (D:11)
  5 ugly things
  A cyclops (D:11)
  A centaur zombie (D:11)
  3 trolls
  Grinder (D:6)
  A two-headed ogre (D:10)
  7 slime creatures
  Sigmund (D:5)
  36 yaks
  A vampire (D:11)
  A hungry ghost (D:11)
  3 hippogriffs
  A warg (D:11)
  Edmund (D:6)
  The ghost of Reinor the Sneak, an amateur SpAK of Lugonu (D:4)
  An ice beast (D:8)
  6 orc warriors
  4 black bears
  A necrophage (D:11)
  2 sky beasts
  A phantom (D:10)
  An eye of draining (D:10)
  6 ogres
  6 centaurs
  2 big kobolds
  Blork the orc (D:6)
  8 giant frogs
  2 scorpions
  7 killer bees
  13 wights
  2 electric eels (D:10)
  4 crimson imps
  4 hounds
  8 orc priests
  9 orc wizards
  2 centaur skeletons
  4 giant frog skeletons
  Ijyb (D:3)
  5 iguanas
  10 worker ants
  A hound zombie (D:7)
  3 hound skeletons
  A worker ant zombie (D:5)
  4 gnolls (D:9)
  19 adders
  3 shadow imps
  An adder zombie (D:6)
  7 worms
  6 giant geckos
  30 orcs
  3 ball pythons
  7 giant cockroaches
  12 hobgoblins
  20 jackals
  17 kobolds
  5 quokkas
  7 bats
  5 giant newts
  13 goblins
  2 jackal skeletons
  11 rats
355 creatures vanquished.

Vanquished Creatures (others)
  A quokka (D:7)
1 creature vanquished.

Grand Total: 356 creatures vanquished

Notes
Turn   | Place    | Note
--------------------------------------------------------------
     0 | D:1      | Oddball22 the Vine Stalker Artificer began the quest for the Orb.
     0 | D:1      | Reached XP level 1. HP: 9/9 MP: 3/3
    42 | D:1      | Reached skill level 1 in Short Blades
    67 | D:1      | Reached skill level 1 in Fighting
   210 | D:1      | Reached XP level 2. HP: 14/14 MP: 5/5
   542 | D:1      | Reached XP level 3. HP: 18/18 MP: 6/6
   756 | D:2      | Found a burning altar of Makhleb.
  1035 | D:2      | Reached XP level 4. HP: 15/23 MP: 5/7
  1093 | D:2      | Found a basalt altar of Yredelemnul.
  1244 | D:2      | Found a sparkling altar of Nemelex Xobeh.
  1448 | D:3      | Reached XP level 5. HP: 12/27 MP: 6/8
  1465 | D:3      | Found a shadowy altar of Dithmenos.
  1519 | D:3      | Found a stormy altar of Qazlal.
  1714 | D:3      | Found a shattered altar of Ashenzari.
  1715 | D:3      | Noticed Ijyb
  1738 | D:3      | Reached skill level 3 in Fighting
  1756 | D:3      | Killed Ijyb
  1756 | D:3      | Gained mutation: You heal very quickly. [Vine Stalker growth]
  1756 | D:3      | Reached XP level 6. HP: 12/32 MP: 7/9
  2134 | D:4      | Noticed Reinor's ghost (amateur SpAK)
  2172 | D:4      | Found a snail-covered altar of Cheibriados.
  2291 | D:4      | Killed Reinor's ghost
  2323 | D:4      | Found a staircase to the Ecumenical Temple.
  2336 | Temple   | Entered the Ecumenical Temple
  2464 | D:4      | Found a deep blue altar of Sif Muna.
  2480 | D:4      | Reached XP level 7. HP: 32/37 MP: 7/10
  2571 | D:4      | Reached skill level 4 in Fighting
  2788 | D:4      | Found a sparkling altar of Nemelex Xobeh.
  2788 | D:4      | Found a glowing golden altar of the Shining One.
  2789 | D:4      | Found an opulent altar of Gozag.
  2793 | D:5      | Entered Level 5 of the Dungeon
  2972 | D:5      | Found a shimmering altar of Xom.
  3062 | D:5      | Found Woczoatigi's Jewellery Boutique.
  3316 | D:5      | Noticed Sigmund
  3366 | D:5      | Killed Sigmund
  3366 | D:5      | Gained mutation: You have razor-sharp teeth. [Vine Stalker growth]
  3366 | D:5      | Reached XP level 8. HP: 39/42 MP: 11/11
  3585 | D:6      | Reached skill level 5 in Fighting
  3665 | D:6      | Noticed Edmund
  3686 | D:6      | Killed Edmund
  3686 | D:6      | Reached skill level 5 in Short Blades
  3686 | D:6      | Reached skill level 5 in Dodging
  3723 | D:6      | Noticed Grinder
  3724 | D:6      | Noticed Blork the orc
  3783 | D:6      | Killed Grinder
  3885 | D:6      | Killed Blork the orc
  4066 | D:6      | Reached XP level 9. HP: 48/48 MP: 12/12
  4105 | D:6      | Reached skill level 6 in Fighting
  4558 | D:6      | Reached skill level 7 in Fighting
  4812 | D:7      | Found a white marble altar of Elyvilon.
  4848 | D:7      | Reached XP level 10. HP: 40/55 MP: 9/13
  5395 | D:7      | Found Febur's Magic Scroll Boutique.
  5932 | D:7      | Reached skill level 8 in Fighting
  6281 | D:8      | Found a staircase to the Lair.
  6631 | D:9      | Found Veru Tyh's Jewellery Boutique.
  6850 | D:9      | Reached XP level 11. HP: 60/60 MP: 14/14
  7430 | D:10     | Entered Level 10 of the Dungeon
  7454 | D:10     | Reached skill level 9 in Fighting
  7499 | D:10     | Found Jouva's Magic Scroll Emporium.
  8656 | D:10     | Killed an unseen horror
  8656 | D:10     | Reached skill level 1 in Spellcasting
  8856 | D:11     | Noticed a brown ugly thing
  8954 | D:11     | Noticed a hill giant
  8959 | D:11     | Noticed a hill giant
  8980 | D:11     | Killed a hill giant
  8987 | D:11     | Killed a hill giant
  8998 | D:11     | Noticed a white ugly thing
  9018 | D:11     | Killed a white ugly thing
  9128 | D:10     | Reached skill level 10 in Short Blades
  9331 | D:11     | Noticed a brown ugly thing
  9349 | D:11     | Killed a brown ugly thing
  9397 | D:11     | Noticed a cyclops
  9483 | D:11     | Noticed a purple ugly thing
  9498 | D:11     | Killed a purple ugly thing
  9498 | D:11     | Gained mutation: You regenerate. [Vine Stalker growth]
  9498 | D:11     | Reached XP level 12. HP: 59/66 MP: 18/18
 10297 | D:11     | Reached skill level 11 in Short Blades
 10451 | D:11     | Found a staircase to the Orcish Mines.
 10561 | D:11     | Reached skill level 5 in Spellcasting
 11142 | D:12     | Reached skill level 1 in Crossbows
 11203 | D:12     | HP: 2/66 [very large slime creature (36)]
 11413 | D:11     | Mangled by a very large slime creature

Vault maps used:
D:1:      elethiomel_arrival_maze, st_stairs_8, minmay_misc_feat_alley
D:2:      lemuel_crystal_altar, lemuel_doored_altar, first_bread,
          nemelex_diamond_rough_becter
D:3:      nicolae_overflow_crystal_walls, grunt_dithmenos_smoke_and_mirrors,
          evilmike_ruin_ashenzari, uniq_iyjb
D:4:      led_sif_book, old_standard_altar, gammafunk_temple_overflow_claw,
          minmay_temple_entry_trees
D:5:      xom_teletrap_fun, serial_shops, kennysheep_mini, uniq_sigmund
D:6:      uniq_grinder, uniq_edmund, uniq_blork_the_orc
D:7:      elyvilon_altar_4, serial_shops, nicolae_shop_stone, grunt_ogre_cave
D:8:      nicolae_overflow_hidden_temple, lair_0_dummy
D:9:      serial_aquarium, aquarium_bridge_square, aquarium_window_fake,
          aquarium_window_1, aquarium_view_2f, aquarium_view_2d, serial_shops,
          shop
D:10:     serial_shops, nicolae_shop_crystal, water_maze_lemuel
D:11:     david_orc_1_choice, lab_entry_generic, grunt_ministairs_10
D:12:     minivault_11
Temple:   temple_of_Zot_ovaries

Action                   |  1- 3 |  4- 6 |  7- 9 | 10-12 || total
-------------------------+-------+-------+-------+-------++-------
Melee: Short sword       |   111 |    10 |    96 |   132 ||   349
       Dagger            |       |   215 |   304 |   988 ||  1507
 Fire: Hand crossbow     |       |       |       |    36 ||    36
Throw: Javelin           |       |       |       |     2 ||     2
Evoke: Wand              |       |       |       |    16 ||    16
  Use: Scroll            |       |    10 |     4 |    13 ||    27
       Potion            |       |       |       |     2 ||     2
 Stab: Sleeping          |     4 |     5 |     5 |     4 ||    18
       Distracted        |       |       |     1 |       ||     1
  Eat: Chunk             |       |     5 |     8 |    22 ||    35
